 Dungeon Crawl Stone Soup version 0.21.0-24-g2553a33 (webtiles) character file.

2576 Gorglomux the Covered (level 9, -1/85 HPs)
             Began as a Deep Dwarf Fighter on Jan 20, 2018.
             Was a Follower of Makhleb.
             Killed by nerve-wracking pain
             ... invoked by komo4ek's ghost
              (2 damage)
             ... on level 7 of the Dungeon.
             The game lasted 00:03:08 (4404 turns).

Gorglomux the Covered (Deep Dwarf Fighter)          Turns: 4404, Time: 00:03:08

Health: -1/85      AC: 15    Str: 23    XL:     9   Next: 32%
Magic:  4/4        EV:  6    Int:  9    God:    Makhleb [*.....]
Gold:   271        SH: 11    Dex: 12    Spells: 8/8 levels left

rFire    . . .     SeeInvis .   a - +0 war axe
rCold    . . .     Gourm    .   c - +0 shield
rNeg     . . .     Faith    +   B - +0 chain mail (curse)
rPois    .         Spirit   .   (no helmet)
rElec    .         Reflect  .   (no cloak)
rCorr    .         Harm     .   (no gloves)
MR       +....                  z - +0 pair of boots
Stlth    ..........             y - amulet of faith
HPRegen  0.00/turn              o - +3 ring of protection
MPRegen  0.09/turn              (no ring)

@: lethally poisoned (-1 -> -1), non-regenerating
A: damage resistance, heal wounds, sense surroundings 2, no regeneration
a: Heal Wounds, Renounce Religion


You were on level 7 of the Dungeon.
You worshipped Makhleb.
Makhleb was aware of your devotion.
You were not hungry.

You visited 2 branches of the dungeon, and saw 9 of its levels.

You collected 271 gold pieces.

Inventory:

Hand Weapons
 a - a +0 war axe (weapon)
Armour
 c - a +0 shield (worn)
 z - a +0 pair of boots (worn)
 B - a cursed +0 chain mail (worn)
Jewellery
 o - a +3 ring of protection (left hand)
 y - an amulet of faith (around neck)
Wands
 P - a wand of paralysis (17)
Scrolls
 h - 6 scrolls of remove curse
 i - a scroll of identify {unknown}
 l - 4 scrolls of teleportation {unknown}
 n - a scroll of amnesia {unknown}
 p - a scroll of fear {unknown}
 v - a scroll of magic mapping {unknown}
 w - a scroll of noise {unknown}
 A - a scroll of blinking {unknown}
Potions
 d - a potion of might
 j - 3 potions of heal wounds
 m - a potion of berserk rage {unknown}
 t - a potion of lignification {unknown}
 u - a potion of degeneration {unknown}
 Q - 2 potions of curing
Comestibles
 f - 9 rations
 C - 2 chunks of flesh


   Skills:
 + Level 6.4 Fighting
 + Level 7.2 Axes
 + Level 7.7 Armour
 + Level 7.7 Shields


You had 8 spell levels left.
You didn't know any spells.

Dungeon Overview and Level Annotations

Branches:
Dungeon (8/15)             Temple (1/1) D:6
   Lair: D:8-11

Altars:
Ashenzari
Cheibriados
Dithmenos
Elyvilon
Fedhas
Kikubaaqudgha
Makhleb
Nemelex Xobeh
Qazlal
Ru
Sif Muna
Trog
Uskayaw
Vehumet
Wu Jian
Xom
Yredelemnul
Zin
The Shining One

Annotations:
D:7 komo4ek's ghost, novice HONe


Innate Abilities, Weirdness & Mutations

You are resistant to damage.
You can heal yourself by infusing magical energy.
You passively map the area around you.
You do not regenerate.


Message History

You butt-ly miss komo4ek's ghost!
Komo4ek's ghost is heavily damaged!
Komo4butt'butts ghost hits butt!!! * * * don't die
* * * You are more poisoned!
You carve komo4ek's ghost but do no damage!
Komo4ek's ghost is heavily damaged!
Komo4ek'butts ghost is no longer regenerating!
Komo4ek's ghost is infused with unholy energy! * * * don't butt
* * * Komo4ek'butts ghost draws life force from you and is healed!!!
You closely miss komo4ek's ghost!
Komo4ek's ghost is heavily damaged!
You block komo4ek's ghost's attack!
You slice komo4ek's ghost but do no damage!
Komo4butt's ghost is heavily damaged!
You block komo4ek's ghost's attack! Komo4ek's ghost casts a spell at you!
Pain shoots through your body!!! rip

,* *#.....#.#.#.# *
* #.....#.#.#.#,*
*.##.....#...#.#,* *
..........###.#, *
.#.##.#.#....<# , ,
..........>...# ,
...#....#..##.#
,###.######.#.....#,
, .....ZW@.#.##.####
* *
###.####.#....###*,*
, .................
* ,,
................. ,
,, *
,...............##
*** * *,
...........###.# * ,
............. .# ,
#....###....## # ,*
, #....#_#...... * *


You could see komo4ek's ghost and a quokka skeleton.

Vanquished Creatures
  Pikel (D:5)
  Sigmund (D:2)
  Menkaure (D:4)
  Edmund (D:5)
  Duvessa (D:5)
  An orc warrior (D:8)
  2 ice beasts
  An ogre (D:4)
  A centaur (D:5)
  2 bullfrogs
  Dowan (D:5)
  3 wights (D:6)
  3 crimson imps
  2 jellies (D:6)
  A centaur zombie (D:5)
  3 hounds
  An orc priest (D:6)
  5 orc wizards
  4 iguanas
  Terence (D:2)
  3 worker ants
  A hound skeleton (D:4)
  12 gnolls
  4 adders
  A shadow imp (D:5)
  An adder zombie (D:5)
  A worm (D:2)
  2 dart slugs
  A leopard gecko (D:1)
  25 orcs
  13 bats
  6 giant cockroaches
  12 goblins
  7 hobgoblins
  3 jackals (D:5)
  6 quokkas
  2 ball pythons
  7 frilled lizards
  10 kobolds
  3 rats
156 creatures vanquished.

Notes
Turn   | Place    | Note
-------+----------+-------------------------------------------
     0 | D:1      | Gorglomux the Deep Dwarf Fighter began the quest for the Orb.
     0 | D:1      | Reached XP level 1. HP: 20/20 MP: 1/1
    75 | D:1      | Reached XP level 2. HP: 27/27 MP: 2/2
   300 | D:1      | Reached skill level 3 in Fighting
   356 | D:1      | Reached XP level 3. HP: 27/34 MP: 3/3
   421 | D:1      | Found a sparkling altar of Nemelex Xobeh.
   692 | D:2      | Noticed Terence
   707 | D:2      | Killed Terence
   707 | D:2      | Reached skill level 3 in Axes
   707 | D:2      | Reached XP level 4. HP: 30/42 MP: 4/4
   804 | D:2      | Noticed Sigmund
   894 | D:2      | Killed Sigmund
   894 | D:2      | Reached XP level 5. HP: 43/50 MP: 4/4
  1024 | D:2      | Reached XP level 6. HP: 41/57 MP: 5/5
  1694 | D:3      | Found a stormy altar of Qazlal.
  1694 | D:3      | Noticed a water elemental
  1698 | D:3      | Noticed a fire elemental
  1713 | D:3      | Noticed an air elemental
  2258 | D:4      | Noticed Menkaure
  2267 | D:4      | Reached XP level 7. HP: 23/64 MP: 6/6
  2275 | D:4      | Killed Menkaure
  2699 | D:5      | Entered Level 5 of the Dungeon
  2699 | D:5      | Noticed Duvessa
  2701 | D:5      | Noticed Dowan
  2725 | D:5      | Killed Duvessa
  2733 | D:5      | Killed Dowan
  2795 | D:5      | Noticed Pikel
  2811 | D:5      | Killed Pikel
  2811 | D:5      | Reached skill level 6 in Armour
  2811 | D:5      | Reached skill level 6 in Shields
  2811 | D:5      | Reached XP level 8. HP: 41/74 MP: 5/5
  2840 | D:5      | Noticed Edmund
  2867 | D:5      | Killed Edmund
  2867 | D:5      | Reached skill level 6 in Axes
  3019 | D:5      | You fall through a shaft for 3 floors!
  3248 | D:6      | Found a staircase to the Ecumenical Temple.
  3334 | D:6      | Reached skill level 6 in Fighting
  3334 | D:6      | Gained mutation: You passively map the area around you. [Deep Dwarf growth]
  3334 | D:6      | Reached XP level 9. HP: 49/82 MP: 5/5
  3401 | Temple   | Entered the Ecumenical Temple
  3626 | Temple   | Became a worshipper of Makhleb the Destroyer
  4178 | D:6      | Found a basalt altar of Yredelemnul.
  4178 | D:6      | Found a snail-covered altar of Cheibriados.
  4333 | D:7      | Reached * piety under Makhleb
  4337 | D:7      | Found a shattered altar of Ashenzari.
  4349 | D:7      | Noticed komo4ek's ghost (novice HONe)
  4401 | D:7      | HP: 2/85 [komo4ek's ghost (10)]
  4404 | D:7      | Killed from afar by komo4ek's ghost

Skill      XL: |  1  2  3  4  5  6  7  8  9 |
---------------+----------------------------+-----
Fighting       | 3 4 5 6 |  6.4
Axes           | 3 4 5 6 7 |  7.2
Shields        | 4 5 6 7 |  7.7
Armour         | 4 5 6 7 |  7.7

Action                   |  1- 3 |  4- 6 |  7- 9 || total
-------------------------+-------+-------+-------++-------
Melee: War axe           |   127 |   248 |   353 ||   728
 Abil: Heal Wounds       |       |    10 |    17 ||    27
  Use: Scroll            |       |     2 |       ||     2
       Potion            |       |       |     2 ||     2
  Eat: Chunk             |       |     5 |     8 ||    13
Armor: Scale mail        |    84 |   103 |    93 ||   280
       Chain mail        |       |       |    73 ||    73
Dodge: Dodged            |    53 |    65 |    85 ||   203
Block: Shield            |    76 |   127 |   210 ||   413
